 Dungeon Crawl Stone Soup version 0.25-a0-290-g4a1327ee3a (webtiles) character file.

Game seed: 1281829236574934923, levelgen mode: deterministic

186 MisterFreud the Conjurer (level 5, -6/42 HPs)
             Began as a Naga Fire Elementalist on Dec 13, 2019.
             Mangled by an iguana (13 damage)
             ... on level 5 of the Dungeon.
             The game lasted 00:09:14 (3489 turns).

MisterFreud the Conjurer (Naga Fire Elementalist)   Turns: 3489, Time: 00:09:14

Health: -6/42      AC:  1    Str: 10 (11) XL:     5   Next: 65%
Magic:  1/9        EV: 10    Int: 16      God:
Gold:   129        SH:  0    Dex: 10 (13) Spells: 2/10 levels left

rFire    . . .     SeeInvis +   f - +1 dagger (drain)
rCold    + . .     Gourm    .   (no shield)
rNeg     . . .     Faith    .   (no armour)
rPois    +         Spirit   .   (no helmet)
rElec    .         Reflect  .   (no cloak)
rCorr    .         Harm     .   (no gloves)
MR       .....                  (no barding)
Stlth    ++........             (no amulet)
HPRegen  0.14/turn              (no ring)
MPRegen  0.11/turn              (no ring)

@: very slow
A: large, see invisible, agile 1, cold resistance 1, deformed body, poison
resistance, slowness 2, slow metabolism 1, spit poison 1, AC +1
a: Spit Poison


You were on level 5 of the Dungeon.
You were very hungry.

You visited 1 branch of the dungeon, and saw 5 of its levels.

You collected 129 gold pieces.

Inventory:

Hand Weapons
 b - a +0 dagger
 f - a +1 dagger of draining (weapon)
Missiles
 l - 23 stones (quivered)
 r - a curare-tipped dart
 t - 22 arrows
Wands
 h - a wand of flame (14)
Scrolls
 a - 2 scrolls of random uselessness {unknown}
 e - 2 scrolls of fog {unknown}
 g - a scroll of fear {unknown}
 j - 2 scrolls of magic mapping {unknown}
 m - 2 scrolls of remove curse {unknown}
 o - 2 scrolls of identify {unknown}
 p - a scroll of enchant armour {unknown}
 q - a scroll of enchant weapon {unknown}
Potions
 d - a potion of berserk rage {unknown}
 s - a potion of mutation
Comestibles
 c - 5 rations


   Skills:
 - Level 1.5 Dodging
 - Level 3.0 Stealth
 + Level 3.0 Spellcasting
 + Level 3.9 Conjurations
 + Level 3.9 Fire Magic


You had 2 spell levels left.
You knew the following spells:

 Your Spells              Type           Power        Failure   Level  Hunger
a - Foxfire               Conj/Fire      ###.         3%          1    #......
b - Conjure Flame         Conj/Fire      ###.....     11%         3    ###....
c - Sticky Flame          Conj/Fire      ###.....     36%         4    #####..

Your spell library contained the following spells:

 Spells                   Type           Power        Failure   Level  Hunger
 Inner Flame              Hex/Fire       #.......     26%         3    ###....
 Fireball                 Conj/Fire      ###.......   71%         5    ######.


Dungeon Overview and Level Annotations

Branches:
Dungeon (5/15)
 Temple: D:4-7

Altars:
Xom

Annotations:
D:5 Pikel


Innate Abilities, Weirdness & Mutations

You cannot wear boots.
Your serpentine skin is tough. (AC +1)
You have supernaturally acute eyesight. (SInv)
Armour fits poorly on your strangely shaped body.
Your system is resistant to poisons. (rPois)
You cover ground very slowly.
You have a slow metabolism.
You can spit poison.
You are agile. (Dex +2)
Your flesh is cold resistant. (rC+)


Message History

You hit Pikel but do no damage.
Pikel is moderately wounded.
Pikel burns!
Pikel stops burning.
A slave comes into view.
Pikel hits you with a +0 whip of freezing.
Casting: Sticky Flame (quite dangerous; 36% risk of failure)
Confirm with . or Enter, or press ? or * to list all spells.
Aiming: Sticky Flame (quite dangerous; 36% risk of failure)
Press: ? - help, Shift-Dir - straight line, f/p - Pikel
Aim: Pikel, wielding a +0 whip of freezing and wearing a +0 robe (moderately wounded)
The sticky flame hits Pikel but does no damage.
Pikel is moderately wounded.
Pikel is covered in liquid flames!
The slave shouts!
You hear an angry hiss.
Pikel burns!
The iguana bites you.
* * * LOW HITPOINT WARNING * * *
Pikel closely misses you.
You have got your breath back.
Pikel burns!
The iguana bites you!
You die...

.###.# # ....# #
######..# ###
p.p.....####### #..
#######p.......####
#
......ppp.........#
#
#######K######.####
# ###.# #.# # #
#.@l# #.# #. #
###.######.######.#
.................
.#######.######.#
..+...............
..####....######..
... #.#########..
#.###........
###............


You could see Pikel (burning), 3 slaves and an iguana.

Vanquished Creatures
  A jelly (D:5)
  A hound skeleton (D:5)
  2 gnolls (D:2)
  4 adders
  An ooze (D:3)
  2 worms
  4 dart slugs
  3 leopard geckos
  8 orcs
  A ball python (D:1)
  A giant cockroach (D:4)
  8 goblins
  8 hobgoblins
  A quokka (D:3)
  6 bats
  4 frilled lizards
  5 kobolds
  A leopard gecko skeleton (D:5)
  4 rats
65 creatures vanquished.

Vanquished Creatures (others)
  12 foxfires
12 creatures vanquished.

Grand Total: 77 creatures vanquished

Notes
Turn   | Place    | Note
-------+----------+-------------------------------------------
     0 | D:1      | MisterFreud the Naga Fire Elementalist began the quest for
                  | the Orb.
     0 | D:1      | Reached XP level 1. HP: 15/15 MP: 3/3
   186 | D:1      | Reached XP level 2. HP: 22/22 MP: 3/5
   777 | D:2      | Reached XP level 3. HP: 28/28 MP: 6/6
  1211 | D:2      | Reached XP level 4. HP: 16/36 MP: 7/7
  2201 | D:3      | Reached XP level 5. HP: 26/42 MP: 8/8
  2495 | D:4      | HP: 2/42 [crimson imp (2)]
  2497 | D:4      | Gained mutation: You are agile. (Dex +2) [potion of
                  | mutation]
  2497 | D:4      | Gained mutation: Your flesh is cold resistant. (rC+)
                  | [potion of mutation]
  2525 | D:4      | HP: 2/42 [crimson imp (4)]
  2911 | D:4      | Found a shimmering altar of Xom.
  2919 | D:5      | Entered Level 5 of the Dungeon
  3230 | D:5      | Learned a level 3 spell: Conjure Flame
  3235 | D:5      | Learned a level 4 spell: Sticky Flame
  3475 | D:5      | Noticed a slave
  3478 | D:5      | Noticed Pikel
  3479 | D:5      | Noticed a slave
  3479 | D:5      | Noticed a slave
  3487 | D:5      | Noticed a slave
  3489 | D:5      | Mangled by an iguana

Levels and vault maps discovered:
D:1:      minmay_arrival_shoal_huts, layout_loops_ring
D:2:      minmay_skewed_foursquare, layout_loops_cross
D:3:      layout_basic, kennysheep_generic_room_13
D:4:      gammafunk_steamed_eel, layout_basic,
          grunt_temple_overflow_order_and_chaos_1,
          chequers_temple_overflow_statue_of_worship, serial_shops,
          nicolae_shop_temple_entry_statues_fountains, first_ration,
          kennysheep_dice
D:5:      layout_basic, minmay_temple_entry_stoned_glass, uniq_pikel

Skill      XL: |  1  2  3  4  5 |
---------------+----------------+-----
Conjurations   | 2 3 |  3.9
Spellcasting   | 3 |  3.0
Dodging        | |  1.5
Stealth        | |  3.0
Fire Magic     | |  3.9

Action                   |  1- 3 |  4- 6 || total
-------------------------+-------+-------++-------
Melee: Dagger            |    52 |   172 ||   224
Throw: Stone             |       |    11 ||    11
       Dart              |       |     5 ||     5
 Cast: Foxfire           |     6 |     2 ||     8
       Sticky Flame      |       |     2 ||     2
 Abil: Spit Poison       |    24 |    31 ||    55
  Use: Potion            |       |     8 ||     8
 Stab: Sleeping          |     1 |     6 ||     7
  Eat: Chunk             |     2 |     7 ||     9
Armor: Robe              |     1 |       ||     1
       Skin              |     1 |    41 ||    42
Dodge: Dodged            |    28 |    62 ||    90

Table legend:
 A = Non-vault XP
 B = Vault XP
 C = Vault XP percentage of total XP
 D = Non-vault monster count
 E = Vault monster count
 F = Vault count percentage of total count
                 A         B        C        D         E       F
            +---------+---------+-------+---------+---------+-------
      Total |     222 |      44 |  16.5 |      61 |       4 |   6.2
            +---------+---------+-------+---------+---------+-------
        D:1 |      33 |       0 |   0.0 |      18 |       0 |   0.0
        D:2 |      21 |      42 |  66.7 |      10 |       3 |  23.1
        D:3 |      76 |       2 |   2.6 |      23 |       1 |   4.2
        D:4 |       2 |       0 |   0.0 |       1 |       0 |   0.0
        D:5 |      90 |       0 |   0.0 |       9 |       0 |   0.0
            +---------+---------+-------+---------+---------+-------
